 Dungeon Crawl Stone Soup version 0.15-a0-53-g5e01d95 (webtiles) character file.

587 4tharraofdagon the Cudgeler (level 6, -1/48 HPs)
             Began as a Demonspawn Gladiator on Apr 4, 2014.
             Was an Initiate of Ashenzari.
             Slain by a centaur (6 damage)
             ... on Level 5 of the Dungeon.
             The game lasted 00:08:49 (1767 turns).

4tharraofdagon the Cudgeler (Demonspawn Gladiator)  Turns: 1767, Time: 00:08:50

HP  -1/48        AC  6     Str 16      XL: 6   Next: 37%
MP   0/6         EV 10     Int 11      God: Ashenzari [......]
Gold 230         SH  0     Dex 13      Spells:  0 memorised,  5 levels left

rFire  . . .     SeeInvis .     s - -1,+10 mace "Hiseapai" {venom, rPois}
rCold  . . .     Clarity  .     m - +0 ring mail
rNeg   . . .     Conserve .     (no shield)
rPois  +         rCorr    .     c - +0 helmet
rElec  .         rRot     .     (no cloak)
SustAb . .       Spirit   +     (no gloves)
rMut   .         Warding  .     (no boots)
Saprov . . .     Stasis   .     (no amulet)
MR     .....                    (no ring)
                                (no ring)

@: very slightly contaminated, hasted, very quick, not resistant to hostile
enchantments, unstealthy
A: claws 1, nightstalker 1, magic shield
a: Renounce Religion


You were on level 5 of the Dungeon.
You worshipped Ashenzari.
Ashenzari was noncommittal.
You were hungry.

You visited 1 branch of the dungeon, and saw 6 of its levels.

You collected 230 gold pieces.

Inventory:

Hand weapons
 l - a +0,+0 flail
 s - the cursed -1,+10 mace "Hiseapai" (weapon) {venom, rPois}
   (You found it on level 4 of the Dungeon)

   It poisons the flesh of those it strikes.
   It protects you from poison.
   It has a curse placed upon it.
Missiles
 d - a throwing net (quivered)
Armour
 b - a +0 leather armour
 c - a +0 helmet (worn)
 m - a +0 ring mail (worn)
Magical devices
 k - a wand of hasting (1)
Comestibles
 a - a honeycomb
 f - 2 bread rations
 n - 3 meat rations
Scrolls
 e - a scroll of magic mapping {unknown}
 g - 5 scrolls of identify
 i - 2 scrolls of teleportation
 j - 2 scrolls of enchant weapon I {unknown}
 o - a scroll of fear {unknown}
 p - 3 scrolls of noise {unknown}
 q - a scroll of remove curse
 r - a scroll of fog {unknown}
 t - a scroll of amnesia {unknown}
 u - a scroll of enchant armour
 w - a scroll of random uselessness
Potions
 v - a potion of flight


   Skills:
 + Level 3.7 Fighting
 * Level 5.1 Maces & Flails
 - Level 1.7 Throwing
 + Level 3.9 Dodging


You had 5 spell levels left.
You didn't know any spells.

Dungeon Overview and Level Annotations

Branches:
Dungeon (6/15)
 Temple: D:4-7

Altars:
Ashenzari
Cheibriados
Dithmenos
Elyvilon
Xom

Annotations:
D:6 Dowan


Innate Abilities, Weirdness & Mutations

You have sharp fingernails.
You are slightly more attuned to the shadows.
When hurt, damage is shared between your health and your magic reserves.


Message History

Unknown command.
Unknown command.
You hit the centaur.
The centaur is lightly wounded.
The centaur unwields an uncursed glowing bow.
The centaur hits you.
You hit the centaur but do no damage.
The centaur is poisoned.
The centaur is lightly wounded.
The centaur hits you.
* * * LOW HITPOINT WARNING * * *
The centaur hits you!
* * * LOW HITPOINT WARNING * * *
You barely miss the centaur.
The centaur is lightly wounded.
The centaur hits you.
* * * LOW HITPOINT WARNING * * *
You hit the centaur.
The centaur looks even sicker.
The centaur is moderately wounded.
The centaur hits you!
You die...

..........###....................
.........#####...###.............
..(......#####..#####............
.....###)#####..#####............
....#####)###...#####............
....#####..(.....###.###.........
....#####....(......#####........
.....###...(........#####........
.###......(....(@c..#####........
#####................###.........
#####...................%........
#####.....###..........###.......
.###.....##.#.........#####......
........##..######....#####......
.###...##........#....#####......
#####..[)..8...>.#.....###......
#####..##........#..............


You could see a centaur.

Vanquished Creatures
  Duvessa (D:6)
  An orc wizard (D:5)
  2 orc priests (D:5)
  A hound (D:5)
  3 worker ants
  A hound skeleton (D:6)
  3 adders
  3 worms
  A giant eyeball (D:5)
  2 giant geckos
  An ooze (D:2)
  3 bats
  4 giant cockroaches
  7 goblins
  5 hobgoblins
  3 kobolds
  3 giant newts
  6 rats
50 creatures vanquished.

Notes
Turn   | Place    | Note
--------------------------------------------------------------
     0 | D:1      | 4tharraofdagon, the Demonspawn Gladiator, began the quest for the Orb.
     0 | D:1      | Reached XP level 1. HP: 16/16 MP: 1/1
   148 | D:2      | Reached skill level 3 in Maces & Flails
   148 | D:2      | Gained mutation: You are slightly more attuned to the shadows. [demonic ancestry]
   148 | D:2      | Reached XP level 2. HP: 20/22 MP: 2/2
   427 | D:2      | Gained mutation: You have sharp fingernails. [demonic ancestry]
   427 | D:2      | Reached XP level 3. HP: 4/27 MP: 3/3
   569 | D:3      | Found a shimmering altar of Xom.
   666 | D:4      | Got a smoking mace
   667 | D:4      | Identified the cursed -1,+10 mace "Hiseapai" {venom, rPois} (You found it on level 4 of the Dungeon)
   700 | D:4      | Gained mutation: When hurt, damage is shared between your health and your magic reserves. [demonic ancestry]
   700 | D:4      | Reached XP level 4. HP: 18/34 MP: 4/4
   769 | D:4      | Reached skill level 4 in Maces & Flails
   781 | D:5      | Entered Level 5 of the Dungeon
   781 | D:5      | Found a shadowy altar of Dithmenos.
   781 | D:5      | Noticed an ice beast
   815 | D:5      | Found a white marble altar of Elyvilon.
   869 | D:5      | Reached XP level 5. HP: 36/41 MP: 3/5
   950 | D:5      | Found a shattered altar of Ashenzari.
   956 | D:5      | Became a worshipper of Ashenzari the Shackled
  1019 | D:5      | Noticed a centaur
  1126 | D:6      | Found a snail-covered altar of Cheibriados.
  1191 | D:5      | Reached XP level 6. HP: 4/47 MP: 1/6
  1442 | D:6      | Noticed Duvessa
  1443 | D:6      | Noticed Dowan
  1458 | D:6      | Killed Duvessa
  1458 | D:6      | Reached skill level 5 in Maces & Flails
  1767 | D:5      | Slain by a centaur

Action                   |  1- 3 |  4- 6 || total
-------------------------+-------+-------++-------
Melee: Flail             |    57 |       ||    57
       Mace              |     5 |    68 ||    73
Throw: Throwing net      |     9 |     1 ||    10
Evoke: Wand              |     1 |     3 ||     4
  Use: Scroll            |       |     6 ||     6
       Potion            |       |     1 ||     1
 Stab: Held in net/web   |     1 |       ||     1
       Sleeping          |     1 |     1 ||     2
